 Dungeon Crawl Stone Soup version 0.26-a0-966-gd078a86f14 (webtiles) character file.

Game seed: 8416216854617691906

4223 marklar909 the Grappler (level 10, -6/94 HPs)
             Began as a Troll Wanderer on Dec 4, 2020.
             Was a Priest of Cheibriados.
             Mangled by a two-headed ogre
             ... wielding a +0 giant club
              (27 damage)
             ... on level 9 of the Dungeon.
             The game lasted 00:12:24 (7274 turns).

marklar909 the Grappler (Troll Wanderer)            Turns: 7274, Time: 00:12:25

Health: -6/94      AC:  9    Str: 31    XL:     10   Next: 9%
Magic:  6/12       EV: 13    Int: 16    God:    Cheibriados [***...]
Gold:   339        SH:  0    Dex: 19    Spells: 6/13 levels left

rFire    + . .     SeeInvis .     - Unarmed
rCold    . . .     Faith    .   (no shield)
rNeg     . . .     Spirit   .   e - +0 robe
rPois    +         Reflect  .   (helmet restricted)
rElec    .         Harm     .   j - +2 cloak
rCorr    .         Rampage  .   (gloves unavailable)
MR       .....                  (boots unavailable)
Stlth    ++........             b - amulet of regeneration
HPRegen  1.05/turn              h - ring of poison resistance
MPRegen  0.13/turn              i - ring of protection from fire

@: lightly drained, very slow
A: large, unfitting armour, claws 3, regeneration 1, shaggy fur 1, tough skin 3
a: Bend Time, Temporal Distortion, Renounce Religion


You were on level 9 of the Dungeon.
You worshipped Cheibriados.
Cheibriados was most pleased with you.
You visited 1 branch of the dungeon, and saw 9 of its levels.

You collected 560 gold pieces.
You spent 221 gold pieces at shops.

Inventory:

Missiles
 l - 5 boomerangs (quivered)
Armour
 e - a +0 robe (worn)
 j - a +2 cloak (worn)
Jewellery
 b - an amulet of regeneration (around neck)
 h - a ring of poison resistance (left claw)
 i - a ring of protection from fire (right claw)
 x - an uncursed ring of fire
 C - a cursed amulet of inaccuracy {unknown}
Wands
 q - a wand of iceblast (12)
 w - a wand of polymorph (20)
 y - a wand of paralysis (16)
 z - a wand of digging (4)
Scrolls
 a - 2 scrolls of enchant weapon
 c - 10 scrolls of teleportation
 d - 5 scrolls of identify
 n - 2 scrolls of magic mapping
 p - 5 scrolls of remove curse
 s - 2 scrolls of amnesia
 u - a scroll of immolation {unknown}
 A - a scroll of brand weapon {unknown}
 D - a scroll of acquirement {unknown}
 E - a scroll of silence {unknown}
 G - a scroll of torment {unknown}
Potions
 f - a potion of curing
 g - 3 potions of heal wounds
 k - 2 potions of mutation
 m - 2 potions of haste
 o - a potion of berserk rage
 r - 2 potions of attraction
 t - 5 potions of brilliance
 v - a potion of ambrosia {unknown}
 B - a potion of magic {unknown}
 F - a potion of invisibility {unknown}


   Skills:
 + Level 4.9(4.5) Fighting
 + Level 1.5(1.2) Throwing
 * Level 5.6(5.3) Dodging
 + Level 1.4(1.1) Stealth
 * Level 2.2(1.9) Shields
 + Level 8.7(8.4) Unarmed Combat
 + Level 2.3(2.0) Spellcasting
 * Level 1.6(1.3) Conjurations
 * Level 4.6(4.3) Necromancy
 * Level 2.4(2.1) Invocations


You had 6 spell levels left.
You knew the following spells:

 Your Spells              Type           Power        Failure   Level
a - Magic Dart            Conj           #...         12%         1
b - Vampiric Draining     Necr           ###.......   11%         3
c - Blink                 Tloc           N/A          30%         2
d - Pain                  Necr           ###.         3%          1

Your spell library contained the following spells:

 Spells                   Type           Power        Failure   Level
 Call Imp                 Summ           #.......     30%         2
 Slow                     Hex            #.......     30%         2
 Conjure Flame            Conj/Fire      #.......     43%         3
 Mephitic Cloud           Conj/Pois/Air  #.......     45%         3


Dungeon Overview and Level Annotations

Branches:
Dungeon (9/15)             Temple (0/1) D:7
   Lair: D:8-11         Orc: D:9-12

Altars:
Cheibriados
Okawaru
Qazlal
Wu Jian
Zin

Shops:
D:4 *   D:6 !   D:7 }

Portals:
Bailey: D:9

Annotations:
D:4 3 runed translucent doors, siradein's ghost, weakling HuFE
D:6 3 runed translucent doors, karrick's ghost, novice GnGl


Innate Abilities, Weirdness & Mutations

You are too large for most types of armour.
You have claws for hands.
Your natural rate of healing is unusually fast.
You are covered in fur. (AC +1)
You have extremely tough skin. (AC +3)


Message History

Unknown command.
Okay, then.
The flow of time bends around you.
Cheibriados rebukes the troll.
The troll seems to slow down.
The troll bites you! The troll claws you but does no damage.
The troll claws you!
You claw the troll!
The troll is almost dead.
The two-headed ogre barely misses you.
The two-headed ogre hits you but does no damage.
The troll bites you. The troll claws you.
* * * LOW HITPOINT WARNING * * *
The troll claws you.
* * * LOW HITPOINT WARNING * * *
The flow of time bends around you.
Cheibriados rebukes the troll.
The troll seems to slow down.
The two-headed ogre resists with some effort.
The two-headed ogre hits you with a +0 giant club!!
You die...

#.....≈≈≈≈.
#....≈≈≈≈≈#
#....≈≈≈≈≈
##....≈≈≈≈# ..#
(....≈≈≈≈≈# ...#
##...≈≈≈≈≈##....
.[88≈≈≈≈≈88.....
......T@........
......O.).......
.....
..88≈≈≈≈≈88.....
....#
##..≈≈≈≈..##....
...#
#.≈≈≈≈≈..##......#
#.<#
#.≈≈≈≈≈..##......#
#..#
#.≈≈≈≈...##......#
#..#
##≈≈≈≈≈...##......#
#...
..≈≈≈≈≈...##......#
#...


You could see a two-headed ogre and a troll (slow).

Vanquished Creatures
  Pikel (D:4)
  Duvessa (D:4)
  3 sky beasts
  An ice beast (D:8)
  5 ogres
  A centaur (D:7)
  6 phantoms
  3 lemures (D:3)
  Blork the orc (D:4)
  2 big kobolds
  2 bullfrogs
  Dowan (D:4)
  2 scorpions
  8 wights
  4 killer bees (D:8)
  2 howler monkeys (D:6)
  7 hounds
  5 orc wizards
  Crazy Yiuf (D:2)
  2 jellies
  4 orc priests
  2 bullfrog skeletons
  A centaur skeleton (D:7)
  4 iguanas
  5 worker ants
  A hound zombie (D:5)
  2 hound skeletons
  10 adders
  2 worker ant zombies
  A howler monkey skeleton (D:5)
  A shadow imp (D:6)
  A white imp (D:8)
  2 ufetubi
  5 oozes
  An adder skeleton (D:7)
  A worm (D:2)
  A dart slug (D:2)
  9 leopard geckos
  27 orcs
  2 ball pythons (D:3)
  10 bats
  5 giant cockroaches
  6 hobgoblins
  11 jackals
  17 kobolds
  5 quokkas
  4 frilled lizards
  8 goblins
  2 leopard gecko skeletons
  A leopard gecko zombie (D:5)
  6 rats
215 creatures vanquished.

Vanquished Creatures (others)
  11 plants (D:5)
11 creatures vanquished.

Grand Total: 226 creatures vanquished

Notes
Turn   | Place    | Note
-------+----------+-------------------------------------------
     0 | D:1      | marklar909 the Troll Wanderer began the quest for the Orb.
     0 | D:1      | marklar909 set off with the following items: a +2 dagger, a
                  | curare-tipped dart, a scroll of teleportation, a +0 robe;
                  | and the following spell memorised: Pain; and the following
                  | spells available to memorise: Vampiric Draining
     0 | D:1      | Reached XP level 1. HP: 23/23 MP: 1/1
   163 | D:1      | Reached XP level 2. HP: 30/31 MP: 0/2
   589 | D:1      | Reached XP level 3. HP: 39/39 MP: 0/3
   979 | D:2      | Noticed a scorpion
   991 | D:2      | Killed a scorpion
   992 | D:2      | Reached XP level 4. HP: 41/48 MP: 0/5
  1115 | D:2      | Found a faded altar of an unknown god.
  1344 | D:2      | Reached skill level 1 in Dodging
  1516 | D:2      | Found a runed translucent door.
  1517 | D:2      | Noticed Crazy Yiuf
  1798 | D:2      | Killed Crazy Yiuf
  1954 | D:3      | Found an ornate altar of the Wu Jian Council.
  1990 | D:3      | Learned a level 3 spell: Vampiric Draining
  2029 | D:3      | Reached XP level 5. HP: 53/54 MP: 1/6
  2149 | D:3      | Reached skill level 2 in Unarmed Combat
  2796 | D:4      | Noticed a phantom
  2802 | D:4      | Reached skill level 3 in Unarmed Combat
  2821 | D:3      | Reached XP level 6. HP: 51/62 MP: 0/7
  2963 | D:4      | Found a runed translucent gate.
  2963 | D:4      | Found a runed translucent gate.
  2972 | D:4      | Noticed Blork the orc
  2988 | D:4      | Noticed Pikel
  3375 | D:4      | Killed Pikel
  3376 | D:4      | Reached skill level 5 in Unarmed Combat
  3376 | D:4      | Reached XP level 7. HP: 32/70 MP: 7/9
  3443 | D:4      | Killed Blork the orc
  3522 | D:4      | Found a runed translucent gate.
  3534 | D:4      | Reached XP level 8. HP: 78/78 MP: 10/10
  3677 | D:4      | Found Qevoe's General Store.
  3680 | D:4      | Bought a scroll of magic mapping for 38 gold pieces
  3680 | D:4      | Bought a potion of attraction for 33 gold pieces
  3680 | D:4      | Bought a scroll of remove curse for 33 gold pieces
  3696 | D:4      | Noticed Dowan
  3696 | D:4      | Noticed Duvessa
  3722 | D:4      | Killed Duvessa
  3738 | D:4      | Killed Dowan
  3795 | D:4      | Reached skill level 6 in Unarmed Combat
  3831 | D:4      | Found a glowing silver altar of Zin.
  3909 | D:4      | Noticed siradein's ghost (weakling HuFE)
  3972 | D:5      | Entered Level 5 of the Dungeon
  4477 | D:5      | Reached skill level 7 in Unarmed Combat
  4494 | D:5      | Reached skill level 1 in Stealth
  4551 | D:6      | Found a snail-covered altar of Cheibriados.
  4646 | D:6      | Became a worshipper of Cheibriados the Contemplative
  4700 | D:6      | Found Witix's Distillery.
  4703 | D:6      | Bought a potion of brilliance for 52 gold pieces
  4703 | D:6      | Bought a potion of heal wounds for 65 gold pieces
  4781 | D:6      | Noticed karrick's ghost (novice GnGl)
  4798 | D:6      | Found a runed translucent gate.
  4799 | D:6      | Found a runed translucent gate.
  4799 | D:6      | Found a runed translucent gate.
  5065 | D:7      | Found Xoq Naiv's Gadget Boutique.
  5085 | D:6      | Reached XP level 9. HP: 66/85 MP: 11/11
  5237 | D:6      | Reached * piety under Cheibriados
  5545 | D:7      | Paralysed by an orc for 4 turns
  5654 | D:7      | Found a staircase to the Ecumenical Temple.
  5661 | D:7      | Reached skill level 8 in Unarmed Combat
  5712 | D:7      | Reached ** piety under Cheibriados
  5723 | D:7      | Reached skill level 1 in Invocations
  5890 | D:7      | Learned a level 2 spell: Blink
  5892 | D:7      | Learned a level 1 spell: Magic Dart
  6028 | D:8      | Reached skill level 5 in Dodging
  6229 | D:8      | Reached skill level 1 in Conjurations
  6260 | D:8      | Reached *** piety under Cheibriados
  6623 | D:8      | Found an iron altar of Okawaru.
  6666 | D:8      | Found a stormy altar of Qazlal.
  6977 | D:9      | Reached XP level 10. HP: 89/94 MP: 0/12
  7189 | D:9      | Found a flagged portal.
  7265 | D:9      | Noticed a two-headed ogre
  7274 | D:9      | Mangled by a two-headed ogre

Illustrated notes

Levels and vault maps discovered:
D:1:      minmay_arrival_split_and_join, layout_loops_ring
D:2:      layout_loops_cross, chequers_ecumenical_altar_island,
          uniq_crazy_yiuf_cottage
D:3:      layout_basic, general_overflow_altar, minmay_misc_feat_roman,
          minmay_starry_boxes
D:4:      layout_cave_pools, zin_statuary, serial_shops, shop,
          gammafunk_ghost_necromancy, kennysheep_generic_room_4, uniq_duvessa,
          uniq_pikel, uniq_blork_the_orc
D:5:      layout_loops_ring, serial_bayou_lagoon_a, kennysheep_generic_room_11
D:6:      layout_loops_ring, lemuel_crystal_altar, gammafunk_ghost_split,
          serial_shops, kennysheep_mini_moat
D:7:      layout_rooms, temple_pool_b, serial_shops, shop
D:8:      layout_layer_cave, lemuel_crystal_altar,
          nicolae_qazlal_general_emergency
D:9:      wander_river, layout_long_grid, enter_bailey_1

Skill      XL: |  1  2  3  4  5  6  7  8  9 |
---------------+----------------------------+-----
Necromancy     | 2 3 4 |  4.6
Dodging        | 1 2 3 5 |  5.6
Unarmed Combat | 3 5 7 8 |  8.7
Fighting       | 4 |  4.9
Spellcasting   | 2 |  2.3
Stealth        | 1 |  1.4
Invocations    | 2 |  2.4
Conjurations   | 1 |  1.6
Shields        | 2 |  2.2
Throwing       | |  1.5

Action                   |  1- 3 |  4- 6 |  7- 9 | 10-12 || total
-------------------------+-------+-------+-------+-------++-------
Melee: Unarmed           |    59 |   201 |   389 |    29 ||   678
       Punch             |       |     2 |    11 |     3 ||    16
Throw: Boomerang         |       |    12 |     7 |       ||    19
 Cast: Pain              |    17 |    37 |       |       ||    54
       Magic Dart        |       |       |    18 |       ||    18
Invok: Bend Time         |       |       |     1 |     2 ||     3
  Use: Scroll            |       |     2 |     6 |       ||     8
       Potion            |       |     1 |     1 |       ||     2
 Stab: Sleeping          |       |       |     3 |     3 ||     6
Armor: Robe              |    32 |   106 |   200 |     7 ||   345
Dodge: Dodged            |    37 |   103 |   310 |    19 ||   469

Table legend: (Time is in decaauts)
 A = Elapsed time spent in this place.
 B = Non-inter-level travel time spent in this place.
 C = Inter-level travel time spent in this place.
 D = Time resting spent in this place.
 E = Time spent auto-exploring this place.
 F = Levels seen in this place.
 G = Mean time per level.
                   A        B        C        D        E       F      G
               +--------+--------+--------+--------+--------+-----+--------+
         Total |   8040 |   7631 |    409 |    552 |   5553 |   9 |  893.3 |
       Dungeon |   8040 |   7631 |    409 |    552 |   5553 |   9 |  893.3 |
               +--------+--------+--------+--------+--------+-----+--------+

Top non-repeatable levels by time:
     D:8: 1315 daAuts
     D:3: 1307 daAuts
     D:6: 1006 daAuts
     D:1: 955 daAuts
     D:2: 910 daAuts
     D:4: 764 daAuts
     D:7: 643 daAuts
     D:5: 574 daAuts
     D:9: 563 daAuts
